 Dungeon Crawl Stone Soup version 0.18.1-48-g4cf74bf (webtiles) character file.

4948 Gargoyl the Protected (level 10, 0/77 HPs)
             Began as a Demonspawn Abyssal Knight on Aug 20, 2016.
             Was a High Priest of Lugonu.
             Succumbed to a scorpion's poison
             ... on level 9 of the Dungeon.
             The game lasted 00:21:18 (10973 turns).

Gargoyl the Protected (Demonspawn Abyssal Knight)  Turns: 10973, Time: 00:21:18

Health: 0/77       AC: 13    Str: 15    XL:     10   Next: 28%
Magic:  12/12      EV:  4    Int: 15    God:    Lugonu [*****.]
Gold:   551        SH:  9    Dex: 12    Spells: 0 memorised, 9 levels left

rFire  + . .     SeeInvis .     r - +1 hand axe (chop)
rCold  + . .     Gourm    .     s - +0 plate armour
rNeg   . . .     Faith    .     g - +0 shield (curse)
rPois  +         Spirit   .     (helmet restricted)
rElec  +         Dismiss  .     p - +0 cloak
rCorr  +         Reflect  .     q - +1 pair of gloves
SustAt .         Harm     .     (no boots)
MR     .....                    (no amulet)
Stlth  ..........               (no ring)
                                e - ring of stealth

@: lethally poisoned (0 -> -3), resistant, not resistant to hostile
enchantments, extremely unstealthy
A: antennae 2, fangs 1, blink, deformed body, demonic guardian 1, spiny 1
a: Blink, Depart the Abyss, Bend Space, Banish, Corrupt, Enter the Abyss,
Renounce Religion


You were on level 9 of the Dungeon.
You worshipped Lugonu.
Lugonu was extremely pleased with you.
You were hungry.

You visited 1 branch of the dungeon, and saw 9 of its levels.
You visited the Abyss 1 time.

You collected 551 gold pieces.

Inventory:

Hand Weapons
 r - a +1 hand axe of chopping (weapon)
Missiles
 j - 14 tomahawks (quivered)
Armour
 g - a cursed +0 shield (worn)
 p - a +0 cloak (worn)
 q - a +1 pair of gloves (worn)
 s - a +0 plate armour (worn)
Jewellery
 e - a ring of stealth (left hand)
Wands
 a - a wand of lightning (5/15)
 d - a wand of iceblast (9/15)
 i - a wand of slowing (14/48)
 m - a wand of slowing (18/48)
 t - a wand of disintegration (5/24)
 w - a wand of paralysis (5/24)
Scrolls
 k - 2 scrolls of identify
 n - a scroll of remove curse
 o - 2 scrolls of recharging
 u - a scroll of fog {unknown}
 y - a scroll of noise {unknown}
Potions
 x - a potion of agility
Books
 h - a book of Alchemy

   Spells                             Type                      Level
   a - Sublimation of Blood           Necromancy                   2
   b - Ignite Poison                  Fire/Transmutation/Poison    3
   c - Petrify                        Transmutation/Earth          4
   d - Alistair's Intoxication        Transmutation/Poison         5
   e - Irradiate                      Conjuration/Transmutation    5
Comestibles
 b - 5 meat rations
 c - 6 bread rations
 f - 8 slices of pizza
 l - 2 beef jerkies


   Skills:
 + Level 6.5 Fighting
 + Level 5.4 Axes
 + Level 0.6 Throwing
 * Level 9.7 Armour
 + Level 4.6 Dodging
 + Level 1.5 Stealth
 + Level 4.2 Shields
 + Level 3.0 Invocations


You had 9 spell levels left.
You didn't know any spells.

Dungeon Overview and Level Annotations

Branches:
Dungeon (9/15)             Temple (0/1) D:7            Lair (0/8) D:9
    Orc: D:9-12

Altars:
Ashenzari
Cheibriados
Dithmenos
Elyvilon
Gozag
Makhleb
Nemelex Xobeh
Okawaru
Pakellas
Ru
Sif Muna
Xom
Yredelemnul
Zin
The Shining One


Innate Abilities, Weirdness & Mutations

You have a pair of antennae on your head.
A weak demonic guardian rushes to your aid.
You are partially covered in sharp spines.
You have very sharp teeth.
You can translocate small distances at will.
Armour fits poorly on your strangely shaped body.


Message History

You feel sick.
The centaur zombie closely misses your white imp.
Your white imp gestures at the centaur zombie.
The puff of frost hits the centaur zombie.
The centaur zombie resists.
Drink which item? (? for menu, Esc to quit)
You feel protected.
* * * LOW HITPOINT WARNING * * *
You feel sick.
The centaur zombie closely misses your white imp.
Your white imp gestures at the centaur zombie.
The puff of frost hits the centaur zombie.
The centaur zombie resists.
The centaur zombie hits your white imp!
Your white imp dies!
* * * LOW HITPOINT WARNING * * *
You feel sick.
The centaur zombie hits you but does no damage.
* * * LOW HITPOINT WARNING * * *
You feel sick. The centaur zombie barely misses you.
You die...

...###....#####....#
..## ###....##....##
### ###.......##
###....## ###.##
#..# ##(## #.Z#
##@## #†.# ##†##
#))# ##..# #.....
#..#### #... .....


You could see a centaur zombie.

Vanquished Creatures
  The ghost of Irinka the Chopper, a novice HOFi of Beogh (D:7)
  A human (D:8)
  2 yaks
  Grum (D:8)
  Duvessa (D:6)
  An orc warrior (D:8)
  2 ice beasts
  4 ogres
  A phantom (D:4)
  A sky beast (D:6)
  A slave (D:7)
  2 wolves (D:8)
  A centaur (D:9)
  2 big kobolds
  A crocodile (D:9)
  A gnoll sergeant (D:6)
  3 giant frogs
  Dowan (D:6)
  A scorpion (D:9)
  3 killer bees (D:9)
  3 wights (D:6)
  A crimson imp (D:5)
  6 hounds
  2 orc priests
  9 orc wizards
  6 worker ants
  2 sheep (D:8)
  A hound zombie (D:6)
  2 hound skeletons
  2 worker ant zombies
  5 gnolls
  9 adders
  3 shadow imps
  An adder skeleton (D:4)
  2 adder zombies
  3 worms
  2 dart slugs (D:2)
  4 giant geckos
  37 orcs
  3 ball pythons
  7 bats
  2 giant cockroaches (D:3)
  5 goblins
  12 hobgoblins
  3 jackals (D:1)
  5 giant newts
  A jackal skeleton (D:7)
  12 kobolds
  A quokka zombie (D:5)
  10 rats
192 creatures vanquished.

Vanquished Creatures (collateral kills)
  Pikel (D:7)
  Eustachio (D:6)
  Menkaure (D:6)
  An ice beast (D:6)
  A necrophage (D:6)
  2 ogres (D:5)
  A scorpion (D:4)
  A killer bee (D:9)
  A crimson imp (D:6)
  A hound (D:6)
  2 orc priests (D:6)
  A sheep (D:8)
  A gnoll (D:6)
  An adder zombie (D:8)
  3 orcs
19 creatures vanquished.

Vanquished Creatures (others)
  A crimson imp (D:7)
  A giant newt (D:7)
  2 bushes (D:9)
  2 fungi (D:9)
  12 plants
18 creatures vanquished.

Grand Total: 229 creatures vanquished

Notes
Turn   | Place    | Note
--------------------------------------------------------------
     0 | Abyss:1  | Gargoyl the Demonspawn Abyssal Knight began the quest for the Orb.
     0 | Abyss:1  | Reached XP level 1. HP: 18/18 MP: 2/2
    97 | Abyss:2  | Noticed an apocalypse crab
    98 | D:1      | Escaped the Abyss
   593 | D:1      | Reached skill level 1 in Dodging
   593 | D:1      | Gained mutation: You have a pair of small antennae on your head. [demonic ancestry]
   593 | D:1      | Reached XP level 2. HP: 23/24 MP: 4/4
   616 | D:1      | Reached * piety under Lugonu
  1306 | D:2      | Found a shattered altar of Ashenzari.
  1607 | D:2      | Reached skill level 2 in Armour
  1609 | D:2      | Reached XP level 3. HP: 27/29 MP: 5/5
  2838 | D:3      | Gained mutation: You are partially covered in sharp spines. [demonic ancestry]
  2838 | D:3      | Reached XP level 4. HP: 22/37 MP: 6/6
  2899 | D:3      | Found a burning altar of Makhleb.
  3069 | D:3      | Reached ** piety under Lugonu
  3070 | D:3      | Reached skill level 3 in Armour
  3415 | D:3      | You fall through a shaft!
  3415 | D:4      | Noticed a phantom
  3423 | D:4      | Reached XP level 5. HP: 34/42 MP: 7/7
  3442 | D:4      | Killed a phantom
  3448 | D:4      | Reached skill level 4 in Armour
  3492 | D:4      | Found an oddly glowing altar of Pakellas.
  3591 | D:4      | Found a glowing golden altar of the Shining One.
  3594 | D:4      | Noticed an angel
  3603 | D:4      | Found a basalt altar of Yredelemnul.
  3605 | D:4      | Noticed a profane servitor
  3706 | D:4      | Gained mutation: A weak demonic guardian rushes to your aid. [demonic ancestry]
  3706 | D:4      | Reached XP level 6. HP: 47/48 MP: 8/8
  4568 | D:4      | Found a deep blue altar of Sif Muna.
  4732 | D:5      | Entered Level 5 of the Dungeon
  4735 | D:5      | Found an iron altar of Okawaru.
  4757 | D:5      | Found a sparkling altar of Nemelex Xobeh.
  4881 | D:5      | Reached skill level 1 in Stealth
  4992 | D:5      | Reached skill level 5 in Armour
  5037 | D:5      | Reached XP level 7. HP: 53/54 MP: 9/9
  5052 | D:5      | Found a snail-covered altar of Cheibriados.
  5262 | D:5      | Found a shadowy altar of Dithmenos.
  5515 | D:6      | Noticed Duvessa
  5519 | D:6      | Noticed Dowan
  5693 | D:6      | Killed Duvessa
  5693 | D:6      | Reached skill level 6 in Armour
  5695 | D:6      | Reached *** piety under Lugonu
  5708 | D:6      | Killed Dowan
  5711 | D:6      | Gained mutation: You have a pair of antennae on your head. [demonic ancestry]
  5711 | D:6      | Reached XP level 8. HP: 27/61 MP: 10/10
  6177 | D:6      | Reached skill level 5 in Fighting
  6192 | D:6      | Reached skill level 1 in Shields
  6225 | D:6      | Reached skill level 7 in Armour
  6812 | D:6      | Noticed Menkaure
  6813 | D:6      | Noticed Eustachio
  6818 | D:6      | Killed Menkaure
  7149 | D:6      | Killed Eustachio
  7265 | D:7      | Noticed Irinka's ghost (novice HOFi)
  7328 | D:7      | Reached **** piety under Lugonu
  7334 | D:6      | HP: 1/62 [ice beast (10)]
  7401 | D:5      | Reached XP level 9. HP: 16/68 MP: 11/11
  7921 | D:7      | Found a white marble altar of Elyvilon.
  7923 | D:7      | Noticed Pikel
  7954 | D:7      | Killed Pikel
  7954 | D:7      | Reached skill level 8 in Armour
  8091 | D:7      | Killed Irinka's ghost
  8270 | D:7      | Found a staircase to the Ecumenical Temple.
  8501 | D:7      | Found an opulent altar of Gozag.
  8502 | D:7      | Found a glowing silver altar of Zin.
  8684 | D:8      | Reached skill level 9 in Armour
  8726 | D:8      | Noticed Grum
  8741 | D:8      | Reached skill level 5 in Axes
  8751 | D:8      | Killed Grum
  9104 | D:8      | Reached ***** piety under Lugonu
  9116 | D:8      | Reached XP level 10. HP: 38/76 MP: 12/12
  9129 | D:8      | HP: 3/76 [spatial distortion (4)]
  9180 | D:8      | HP: 3/76 [giant frog (3)]
  9700 | D:8      | Found a deep blue altar of Sif Muna.
  9700 | D:8      | Found a shimmering altar of Xom.
  9715 | D:8      | Found a sacrificial altar of Ru.
 10502 | D:9      | Found a staircase to the Lair.
 10531 | D:9      | Gained mutation: Armour fits poorly on your strangely shaped body. [potion of mutation]
 10531 | D:9      | Gained mutation: You have very sharp teeth. [potion of mutation]
 10531 | D:9      | Gained mutation: You can translocate small distances at will. [potion of mutation]
 10968 | D:9      | HP: 3/77 [poisoned by a scorpion]
 10972 | D:9      | HP: 1/77 [poisoned by a scorpion]
 10973 | D:9      | Succumbed to a scorpion's poison

Skill      XL: |  1  2  3  4  5  6  7  8  9 10 |
---------------+-------------------------------+-----
Dodging        | 1 2 4 |  4.6
Axes           | 2 3 4 5 |  5.4
Armour         | 2 3 4 5 6 7 9 |  9.7
Invocations    | 3 |  3.0
Fighting       | 4 5 6 |  6.5
Stealth        | 1 |  1.5
Shields        | 1 3 4 |  4.2
Throwing       | |  0.6

Action                   |  1- 3 |  4- 6 |  7- 9 | 10-12 || total
-------------------------+-------+-------+-------+-------++-------
Melee: Long sword        |   102 |       |       |       ||   102
       Hand axe          |    67 |   101 |   362 |   107 ||   637
       Unarmed           |       |       |    10 |       ||    10
       Bite              |       |       |       |     5 ||     5
Throw: Tomahawk          |       |       |     1 |     4 ||     5
Invok: Depart the Abyss  |     1 |       |       |       ||     1
       Bend Space        |       |     2 |       |     2 ||     4
Evoke: Wand              |       |       |       |     1 ||     1
  Use: Scroll            |     4 |     2 |     6 |     3 ||    15
       Potion            |       |     1 |     9 |     6 ||    16
  Eat: Chunk             |     6 |     8 |     8 |     6 ||    28
       Bread ration      |       |       |     1 |       ||     1
Armor: Chain mail        |   164 |    53 |   202 |    11 ||   430
       Skin              |       |       |    36 |       ||    36
       Plate armour      |       |       |       |    49 ||    49
Dodge: Dodged            |    57 |    35 |   134 |    20 ||   246
Block: Shield            |       |       |   154 |    64 ||   218
